 Dungeon Crawl Stone Soup version 0.14-a0-2986-gd1872aa (webtiles) character file.

1608 Psiweapon the Reanimator (level 8, 0/59 (69) HPs)
             Began as a Deep Dwarf Necromancer on Mar 6, 2014.
             Was a Believer of Makhleb.
             Slain by a yak zombie (9 damage)
             ... on Level 6 of the Dungeon.
             The game lasted 00:34:42 (6405 turns).

Psiweapon the Reanimator (Deep Dwarf Necromancer)   Turns: 6405, Time: 00:34:42

HP   0/59 (69)   AC  4     Str 14      XL: 8   Next: 47%
MP   4/12        EV 10     Int 16      God: Makhleb [**....]
Gold 150         SH  8     Dex 13      Spells:  4 memorised,  3 levels left

rFire  + . .     SeeInvis .     S - +1,+0 short sword (vamp)
rCold  . . .     Clarity  .     P - +0 elf leather armour
rNeg   . . .     Conserve .     m - +1 buckler
rPois  .         rCorr    .     (no helmet)
rElec  .         rRot     .     (no cloak)
SustAb . .       Spirit   .     o - +0 pair of orc gloves
rMut   .         Warding  .     (no boots)
Saprov . . .     Stasis   .     (no amulet)
MR     +....                    E - ring of flight
                                F - ring of protection from fire

@: non-regenerating, somewhat resistant to hostile enchantments, fairly stealthy
A: damage resistance, recharge devices, sense surroundings 1, slow healing 3
a: Device Recharging, Minor Destruction, Renounce Religion, Evoke Flight


You were on level 6 of the Dungeon.
You worshipped Makhleb.
Makhleb was pleased with you.
You were near starving.

You visited 1 branch of the dungeon, and saw 6 of its levels.
You also visited: Sewer.

You collected 150 gold pieces.

Inventory:

Hand weapons
 e - a +0,+0 dagger
 i - a +0,+0 dagger
 j - a +0,+0 falchion
 p - a +0,+0 short sword
 y - a +0,+0 club
 S - a +1,+0 vampiric short sword (weapon)
Missiles
 w - 7 javelins (quivered)
 B - 7 curare-tipped needles
 G - 11 bolts
 L - 11 poisoned needles
Armour
 a - a +0 robe
 g - a +2 orcish leather armour
 m - a +1 buckler (worn)
 o - a +0 pair of orcish gloves (worn)
 N - a +0 dwarven buckler
 P - a +0 elven leather armour (worn)
Magical devices
 c - a wand of heal wounds (0)
 v - a wand of slowing (8)
Comestibles
 d - 3 bread rations
 l - a rotting chunk of orc flesh
 n - a meat ration
 q - a sausage
Scrolls
 f - a scroll of immolation
 h - 2 scrolls of identify
 k - a scroll of amnesia {unknown}
 t - 3 scrolls of recharging
 J - a scroll of teleportation
 Q - a scroll of blinking
Jewellery
 E - a ring of flight (right hand)
 F - a ring of protection from fire (left hand)
Potions
 r - 3 potions of resistance
 s - 2 potions of might {unknown}
 u - 3 potions of magic {unknown}
 x - 2 potions of curing
 z - a potion of confusion {unknown}
 C - a potion of restore abilities {unknown}
 D - 2 potions of speed
 H - a potion of berserk rage {unknown}
 I - 2 potions of flight
 M - a potion of heal wounds
 O - a potion of agility
Books
 b - a book of Necromancy

   Spells                             Type                      Level
   *Pain                              Necromancy                   1
   *Animate Skeleton                  Necromancy                   1
   *Lethal Infusion                   Charms/Necromancy            2
   *Vampiric Draining                 Necromancy                   3
   Regeneration                       Charms/Necromancy            3
   Animate Dead                       Necromancy                   4
   Control Undead                     Necromancy                   4
 A - a book of Clouds

   Spells                             Type                      Level
   Mephitic Cloud                     Conjuration/Poison/Air       3
   Conjure Flame                      Conjuration/Fire             3
   Poisonous Cloud                    Conjuration/Poison/Air       6
   Freezing Cloud                     Conjuration/Ice/Air          6
   Ring of Flames                     Charms/Fire                  7


   Skills:
 + Level 3.5 Fighting
 + Level 4.5 Armour
 - Level 2.1 Dodging
 - Level 2.4 Stealth
 - Level 1.7 Spellcasting
 - Level 10.4 Necromancy


You had 3 spell levels left.
You knew the following spells:

 Your Spells              Type           Power        Failure   Level  Hunger
a - Animate Skeleton      Necr           N/A          1%          1    ##.....
l - Lethal Infusion       Chrm/Necr      ###.......   6%          2    ###....
p - Pain                  Necr           ####         1%          1    ##.....
V - Vampiric Draining     Necr           ####......   1%          3    ####...


Dungeon Overview and Level Annotations

Branches:
Dungeon (6/16)             Temple (0/1) D:4

Altars:
Makhleb
Trog
Vehumet

Annotations:
D:4 Menkaure
D:5 exclusion: statue


Innate Abilities, Weirdness & Mutations

You are resistant to damage.
You can recharge devices by infusing magical energy.
You passively map a small area around you.
You do not heal naturally.


Message History

The hound is severely wounded.
You feel life coursing into your body. The hound bites you.
The yak zombie gores you.
Casting: Vampiric Draining
Confirm with . or Enter, or press ? or * to list all spells.
Aiming: Vampiric Draining
Press: ? - help, Shift-Dir - straight line, f/p - hound
Aim: a hound (severely wounded)
You kill the hound!
Makhleb accepts your kill.
You feel life coursing into your body.
You hit the yak zombie. The yak zombie gores you!
You hit the yak zombie but do no damage.
The yak zombie gores you!
You hit the yak zombie. The yak zombie gores you!
* * * LOW HITPOINT WARNING * * *
You barely miss the yak zombie. The yak zombie barely misses you.
You hit the yak zombie but do no damage.
The yak zombie gores you!
You die...

#.(...#
#.((..#
#..(..#
#.....#
#..(..#
#...<.#
#)....#
#.....#
#@....#
#Z....#
#.....#
#..(..#
#.....#
#...%.#
#.>.(.#
#...<.#
#.....#


You could see a yak zombie.

Vanquished Creatures
  A necrophage (D:6)
  An orc warrior (D:5)
  An ice beast (D:5)
  2 phantoms (D:5)
  Purgy (Sewer)
  A centaur (D:5)
  An ogre (D:5)
  2 crimson imps (D:5)
  A jelly (D:5)
  3 hounds
  An iguana (D:5)
  2 orc wizards (D:5)
  Natasha (twice) (D:3)
  3 worker ants
  Ijyb (D:3)
  2 gnolls (D:3)
  4 adders
  3 giant mites
  A worm (D:5)
  An adder zombie (D:5)
  An adder skeleton (D:5)
  4 giant geckos
  An ooze (D:3)
  13 orcs
  2 ball pythons
  12 bats
  6 giant cockroaches
  11 goblins
  6 hobgoblins
  14 jackals
  7 kobolds
  A quokka (D:3)
  3 giant newts
  9 rats
  A plant (D:1)
125 creatures vanquished.

Vanquished Creatures (collateral kills)
  A sky beast (D:3)
  A crimson imp (D:5)
  2 big fish (Sewer)
  A gnoll (D:3)
  4 adders (D:3)
  An adder zombie (D:4)
  2 orcs (D:3)
  A giant cockroach (D:3)
  A hobgoblin (D:4)
  A jackal (D:5)
  A bat (D:4)
  A goblin zombie (D:3)
  A kobold (D:3)
18 creatures vanquished.

Vanquished Creatures (others)
  An ogre skeleton (D:5)
  A hound skeleton (D:3)
  An iguana skeleton (D:5)
  3 adder skeletons
  2 bat skeletons
  A ball python skeleton (D:3)
  A giant gecko skeleton (D:3)
  A giant newt skeleton (Sewer)
  2 gnoll skeletons (D:3)
  3 goblin skeletons (D:5)
  2 jackal skeletons (D:5)
  4 orc skeletons
  2 rat skeletons
24 creatures vanquished.

Grand Total: 167 creatures vanquished

Notes
Turn   | Place    | Note
--------------------------------------------------------------
     0 | D:1      | Psiweapon, the Deep Dwarf Necromancer, began the quest for the Orb.
     0 | D:1      | Reached XP level 1. HP: 15/15 MP: 2/2
   152 | D:1      | Reached XP level 2. HP: 11/22 MP: 1/3
   157 | D:1      | Reached skill level 5 in Necromancy
  1180 | D:2      | Reached XP level 3. HP: 7/28 MP: 3/5
  1193 | D:2      | Learned a level 3 spell: Vampiric Draining
  1359 | D:2      | Learned a level 1 spell: Animate Skeleton
  2064 | D:3      | Reached skill level 6 in Necromancy
  2064 | D:3      | Reached XP level 4. HP: 19/36 MP: 0/6
  2574 | D:3      | Found a glowing drain.
  2620 | D:3      | Reached skill level 7 in Necromancy
  2620 | D:3      | Reached XP level 5. HP: 19/42 MP: 5/7
  2679 | Sewer    | Entered a sewer
  2841 | Sewer    | Noticed Purgy
  2857 | Sewer    | Killed Purgy
  3039 | Sewer    | Reached skill level 8 in Necromancy
  3039 | Sewer    | Reached XP level 6. HP: 35/49 MP: 0/9
  3132 | D:3      | Noticed a sky beast
  3159 | D:3      | Killed a sky beast
  3296 | D:3      | Found a burning altar of Makhleb.
  3297 | D:3      | Found a bloodstained altar of Trog.
  3321 | D:3      | Became a worshipper of Makhleb the Destroyer
  3393 | D:3      | Noticed Ijyb
  3400 | D:3      | Killed Ijyb
  3675 | D:3      | Noticed Natasha
  3685 | D:3      | Killed Natasha
  3784 | D:3      | Noticed Natasha
  3791 | D:3      | Killed Natasha
  4030 | D:4      | Noticed Menkaure
  4053 | D:4      | Found a staircase to the Ecumenical Temple.
  4078 | D:4      | Reached skill level 9 in Necromancy
  4171 | D:5      | Entered Level 5 of the Dungeon
  4179 | D:5      | Acquired Makhleb's first power
  4280 | D:5      | Found a radiant altar of Vehumet.
  4340 | D:5      | Reached XP level 7. HP: 26/55 MP: 10/10
  4392 | D:5      | Learned a level 2 spell: Lethal Infusion
  4924 | D:5      | Reached skill level 10 in Necromancy
  5028 | D:5      | Acquired Makhleb's second power
  5257 | D:5      | Reached skill level 1 in Fighting
  5257 | D:5      | Reached skill level 1 in Armour
  5874 | D:5      | Reached XP level 8. HP: 53/67 MP: 12/12
  6405 | D:6      | Slain by a yak zombie

Action                   |  1- 3 |  4- 6 |  7- 9 || total
-------------------------+-------+-------+-------++-------
Melee: Dagger            |    81 |    82 |       ||   163
       Unarmed           |    16 |       |       ||    16
       Short sword       |    76 |       |   202 ||   278
       Falchion          |       |    66 |   137 ||   203
 Cast: Pain              |    43 |    40 |    15 ||    98
       Vampiric Draining |     8 |    30 |    35 ||    73
       Animate Skeleton  |     3 |    25 |     9 ||    37
       Lethal Infusion   |       |       |     1 ||     1
Evoke: Wand              |       |       |    14 ||    14
  Use: Scroll            |     3 |       |    11 ||    14
       Potion            |       |     1 |     1 ||     2
 Stab: Sleeping          |     2 |       |     2 ||     4
       Distracted        |     1 |       |       ||     1
